 Dungeon Crawl Stone Soup version 0.29-a0-283-ga02f740833 (webtiles) character file.

Game seed: 9967593540420721665

2604 jmlagarto the Cudgeller (level 9, -4/71 HPs)
             Began as a Demonspawn Chaos Knight on Mar 13, 2022.
             Was a Plaything of Xom.
             Slain by a troll (10 damage)
             ... on level 7 of the Dungeon.
             The game lasted 00:16:42 (8174 turns).

jmlagarto the Cudgeller (Demonspawn Chaos Knight)   Turns: 8174, Time: 00:16:45

Health: -4/71      AC:  9    Str: 19    XL:     9   Next: 33%
Magic:  9/9        EV: 14    Int: 13    God:    Xom [......]
Gold:   458        SH:  0    Dex: 19    Spells: 8/8 levels left

rFire   . . .      SeeInvis .   f - +4 whip
rCold   . . .      Faith    .   (no shield)
rNeg    . . .      Spirit   .   k - +3 leather armour
rPois   .          Reflect  .   (helmet restricted)
rElec   .          Harm     .   (no cloak)
rCorr   +          Rampage  .   (no gloves)
Will    .....                   (no boots)
Stlth   ++........              (no amulet)
HPRegen 0.21/turn               e - ring of resist corrosion
MPRegen 0.11/turn               B - +6 ring of dexterity

@: studying Invocations, very slow
A: horns 1, yellow scales 2, demonic magic 1, screaming 1, strong 1
a: Renounce Religion


You were on level 7 of the Dungeon.
You worshipped Xom.
You were a very special plaything of Xom.
You visited 1 branch of the dungeon, and saw 7 of its levels.

You collected 518 gold pieces.
You spent 60 gold pieces at shops.

Inventory:

Hand Weapons
 a - a +0 mace of electrocution
 f - a +4 whip (weapon)
Missiles
 l - 20 poisoned darts
Armour
 b - a +2 leather armour
 k - a +3 leather armour (worn)
Jewellery
 e - a ring of resist corrosion (left hand)
 B - a +6 ring of dexterity (right hand)
Wands
 r - a wand of mindburst (16)
 t - a wand of iceblast (2)
Scrolls
 g - a scroll of immolation
 j - a scroll of amnesia
 q - a scroll of silence
 u - a scroll of summoning {unknown}
 x - a scroll of blinking {unknown}
 y - 2 scrolls of enchant armour {unknown}
 z - a scroll of noise {unknown}
Potions
 d - 3 potions of brilliance
 i - a potion of magic {unknown}
 m - 2 potions of degeneration {unknown}
 n - a potion of berserk rage {unknown}
 p - a potion of lignification {unknown}
 s - 3 potions of mutation
 v - 2 potions of curing {unknown}
 A - a potion of haste {unknown}
Miscellaneous
 c - a piece from Xom's chessboard (12/15) (quivered)


   Skills:
 + Level 6.6 Fighting
 + Level 7.7 Maces & Flails
 + Level 0.5 Throwing
 + Level 4.3 Armour
 + Level 4.0 Dodging
 + Level 4.5 Stealth
 + Level 0.9 Evocations


You had 8 spell levels left.
You didn't know any spells.
Your spell library contained the following spells:

 Spells                   Type           Power      Damage    Failure   Level
 Freeze                   Ice            0%         1d3       34%         1
 Summon Small Mammal      Summ           0%         N/A       34%         1
 Sublimation of Blood     Necr           0%         N/A       47%         2
 Call Canine Familiar     Summ           0%         N/A       71%         3
 Frozen Ramparts          Ice            0%         1d2       71%         3
 Inner Flame              Hex/Fire       0%         N/A       71%         3
 Summon Guardian Golem    Hex/Summ       0%         N/A       71%         3
 Tukima's Dance           Hex            0%         N/A       71%         3
 Anguish                  Hex/Necr       0%         N/A       98%         4
 Cause Fear               Hex            0%         N/A       98%         4
 Hailstorm                Conj/Ice       0%         3d3       98%         4
 Petrify                  Tmut/Erth      0%         N/A       98%         4
 Irradiate                Conj/Tmut      0%         3d13      100%        5
 Summon Forest            Summ/Tloc      0%         N/A       100%        5
 Summon Mana Viper        Hex/Summ       0%         N/A       100%        5
 Summon Cactus Giant      Summ           0%         N/A       100%        6
 Enfeeble                 Hex            0%         N/A       100%        7
 Discord                  Hex            0%         N/A       100%        8


Dungeon Overview and Level Annotations

Branches:
Dungeon (7/15)             Temple (0/1) D:6

Altars:
Okawaru
Uskayaw
Xom

Shops:
D:4 !

Annotations:
D:6 Ajdolov's ghost, novice FoHu


Innate Abilities, Weirdness & Mutations

You have a pair of small horns on your head.
You are mostly covered in yellow scales. (AC +3)
Spells you cast may paralyse adjacent enemies.
You occasionally shout uncontrollably at your foes.
Your muscles are strong. (Str +2)


Message History

The troll is moderately wounded.
The troll misses you. The troll completely misses you.
The troll barely misses you.
Your unstable footing causes you to fumble your attack.
The troll bites you! The troll claws you! x2
You hit the troll. Your headbutt misses the troll.
The troll is moderately wounded.
You hit the troll. You headbutt the troll.
The troll is heavily wounded.
The troll bites you. The troll claws you!
* * * LOW HITPOINT WARNING * * *
The troll claws you!
* * * LOW HITPOINT WARNING * * *
Your unstable footing causes you to fumble your attack.
Xom decides to rearrange the pieces.
You swap places with the troll.
Splash!
The troll bites you.
* * * LOW HITPOINT WARNING * * *
The troll misses you. The troll closely misses you.
Really quaff the potion of mutation?
Okay, then.
Okay, then.
Non-targeted evoke: piece from Xom's chessboard (14/15)
Press: ? - help, Q - select action, (/) - cycle Dir - look around, f - activate Look: a troll (heavily wounded, poisoned)
You make a move on Xom's chessboard...
The troll seems to speed up.
The troll closely misses you. x3
Unknown command.
Non-targeted evoke: piece from Xom's chessboard (13/15)
Press: ? - help, Q - select action, (/) - cycle Dir - look around, f - activate
Okay, then.
Non-targeted evoke: piece from Xom's chessboard (13/15)
Press: ? - help, Q - select action, (/) - cycle Dir - look around, f - activate Look: a troll (heavily wounded, fast, poisoned)
You make a move on Xom's chessboard...
The troll resists with significant effort.
The troll bites you!
You die...
Xom giggles madly!

#........
#.#####.#
#.....)... .
#.######.## ###.#
##.#... ...##.(...
#..##.# #..#≈≈≈≈≈#
#..##.# #..≈(≈≈≈
#..##.# #.#(≈#
#..##.###.@≈#
#........T≈≈#
.≈≈≈≈≈.###.###≈≈##
.≈≈≈≈≈........≈≈#
≈≈≈≈≈...##....≈≈#
.≈≈≈≈≈. #####≈≈≈
≈≈≈≈≈.. ##≈≈#
.≈≈≈≈≈. ##≈≈
.P≈≈P.. ≈≈≈


You could see a troll (fast, poisoned).

Vanquished Creatures
  An unseen horror (D:6)
  Grinder (D:6)
  A water moccasin (D:6)
  An ice beast (D:6)
  An ogre (D:6)
  A black bear (D:5)
  A sky beast (D:6)
  2 centaurs (D:4)
  3 phantoms
  3 bullfrogs
  2 scorpions (D:6)
  3 necrophages
  4 jellies
  3 hounds (D:5)
  2 iguanas (D:4)
  6 orc wizards (D:6)
  2 gnolls
  6 adders
  2 river rats (D:4)
  2 worms
  3 dart slugs
  9 orcs
  5 ball pythons
  15 endoplasms
  2 giant cockroaches (D:4)
  4 goblins
  4 hobgoblins
  2 jackals (D:2)
  14 kobolds
  5 quokkas
  2 bats
  6 frilled lizards
  6 rats
124 creatures vanquished.

Vanquished Creatures (collateral kills)
  A necrophage (D:4)
  2 gnoll shamans (D:4)
  6 gnolls (D:4)
  A goblin (D:4)
10 creatures vanquished.

Vanquished Creatures (others)
  A centaur (D:6)
  An orc wizard (D:6)
  5 fungi (D:2)
  3 plants (D:7)
  3 toadstools (D:2)
13 creatures vanquished.

Grand Total: 147 creatures vanquished

Notes
Turn   | Place    | Note
-------+----------+-------------------------------------------
     0 | D:1      | jmlagarto the Demonspawn Chaos Knight began the quest for
                  | the Orb.
     0 | D:1      | Reached XP level 1. HP: 18/18 MP: 1/1
   175 | D:1      | XOM: divination: detect items
   440 | D:1      | XOM: divination: magic mapping
   444 | D:1      | Gained mutation: Spells you cast may paralyse adjacent
                  | enemies. [demonic ancestry]
   444 | D:1      | Reached XP level 2. HP: 24/24 MP: 2/2
   502 | D:1      | Reached skill level 3 in Maces & Flails
   502 | D:1      | Reached skill level 1 in Dodging
   631 | D:1      | XOM: silly message
   660 | D:1      | Found a faded altar of an unknown god.
   755 | D:1      | XOM: silly message
   871 | D:1      | XOM: silly message
   993 | D:2      | XOM: silly message
  1036 | D:2      | Gained mutation: You have a pair of small horns on your
                  | head. [demonic ancestry]
  1036 | D:2      | Reached XP level 3. HP: 27/29 MP: 3/3
  1211 | D:2      | XOM: divination: detect items
  1332 | D:2      | XOM: scenery: create altars
  1611 | D:2      | XOM: swap monsters
  1614 | D:2      | XOM: smoke on damage
  1777 | D:2      | Reached XP level 4. HP: 34/37 MP: 4/4
  1797 | D:2      | Reached skill level 4 in Maces & Flails
  1797 | D:2      | Reached XP level 5. HP: 24/42 MP: 5/5
  2106 | D:2      | XOM: give mutation
  2106 | D:2      | Gained mutation: You are clumsy. (Dex -2) [Xom's mischief]
  2189 | D:2      | XOM: give mutations
  2189 | D:2      | Gained mutation: You occasionally shout uncontrollably at
                  | your foes. [Xom's mischief]
  2189 | D:2      | Gained mutation: You are covered in fur. (AC +1) [Xom's
                  | mischief]
  2206 | D:3      | Found a hide-covered altar of Uskayaw.
  2440 | D:3      | XOM: 1-stop teleportation journey
  3120 | D:4      | XOM: blink monster(s)
  3126 | D:4      | XOM: summons 5 friendly demons
  3127 | D:4      | XOM: god gift: scroll labelled UFUOZX WUASANE {god gift}
  3146 | D:4      | Reached skill level 1 in Stealth
  3146 | D:4      | Reached XP level 6. HP: 27/49 MP: 6/6
  3321 | D:4      | Found Jistioro's Distillery.
  3351 | D:4      | XOM: summons 5 friendly demons
  3487 | D:4      | Bought a potion of heal wounds for 60 gold pieces
  3541 | D:4      | Found a glowing drain.
  3548 | D:4      | XOM: draining
  3741 | D:4      | XOM: confuse monster(s)
  3752 | D:4      | Reached skill level 5 in Maces & Flails
  3851 | D:4      | Reached skill level 5 in Fighting
  3851 | D:4      | Gained mutation: You are partially covered in yellow
                  | scales. (AC +2) [demonic ancestry]
  3851 | D:4      | Reached XP level 7. HP: 38/56 MP: 7/7
  3931 | D:4      | XOM: god gift: book of Hexes
  3952 | D:4      | XOM: divination: magic mapping
  3999 | D:4      | XOM: 4-stop teleportation journey
  4679 | D:5      | Entered Level 5 of the Dungeon
  4797 | D:5      | XOM: scenery: create altars
  5118 | D:5      | XOM: scenery: summon butterflies
  5260 | D:5      | XOM: summons friendly ufetubus
  5418 | D:5      | Reached skill level 6 in Maces & Flails
  5543 | D:5      | XOM: 7-stop teleportation journey
  5592 | D:6      | XOM: fog
  5596 | D:6      | XOM: divine lightning
  5597 | D:6      | Reached XP level 8. HP: 51/63 MP: 8/8
  5644 | D:6      | Found a staircase to the Ecumenical Temple.
  5835 | D:6      | XOM: cast spell 'Cause Fear'
  5912 | D:6      | XOM: potion effect (invisibility)
  6049 | D:6      | Reached skill level 7 in Maces & Flails
  6165 | D:6      | Noticed Grinder
  6172 | D:6      | XOM: cleaving
  6182 | D:6      | Killed Grinder
  6275 | D:6      | XOM: cast spell 'Olgreb's Toxic Radiance'
  6326 | D:6      | Found an iron altar of Okawaru.
  6529 | D:6      | Found a runed translucent door.
  6530 | D:6      | Noticed Ajdolov's ghost (novice FoHu)
  6595 | D:6      | Gained mutation: You are mostly covered in yellow scales.
                  | (AC +3) [demonic ancestry]
  6595 | D:6      | Reached XP level 9. HP: 69/71 MP: 9/9
  6833 | D:6      | XOM: smoke on damage
  6849 | D:6      | Killed an unseen horror
  6851 | D:6      | XOM: god gift: 27 gold pieces
  7415 | D:6      | XOM: divination: detect items
  7434 | D:6      | HP: 3/71 [poisoned by Ajdolov's ghost]
  7437 | D:6      | HP: 1/71 [poisoned by Ajdolov's ghost]
  7709 | D:6      | XOM: summons 1 hostile shadow creature
  7761 | D:6      | XOM: torment (35/71 hp)
  8118 | D:7      | XOM: give mutations
  8118 | D:7      | Lost mutation: You are covered in fur. (AC +1) [Xom's
                  | mischief]
  8118 | D:7      | Lost mutation: You are clumsy. (Dex -2) [Xom's mischief]
  8118 | D:7      | Gained mutation: Your muscles are strong. (Str +2) [Xom's
                  | mischief]
  8161 | D:7      | Noticed a troll
  8172 | D:7      | XOM: swap monsters
  8174 | D:7      | Slain by a troll

Illustrated notes

Levels and vault maps discovered:
D:1:      zaba_arrival_water, layout_loops_ring, ebering_ecumenical_altar_hall,
          minmay_pentomino_w2
D:2:      cheibrodos_fertilizer, layout_rooms, chequers_serial_rivers_small_3,
          roderic_lattice_a, nrook_campfire, st_stairs_11
D:3:      layout_loops_cross, eat_drink_and_be_merry_uskayaw
D:4:      layout_basic, serial_shops, nicolae_diamond_shop,
          nicolae_ossuary_entry_monument, portal_sewer_entry_b,
          minmay_manual_monstrance
D:5:      layout_loops_ring, kennysheep_generic_room_11
D:6:      layout_loops_cross, mainiacjoe_overflow_concentric_impassable,
          minmay_temple_entry_mini_moons, ebering_ghost_reflecting_pool,
          minmay_a_box_with_orc_wizards_in_it, uniq_grinder
D:7:      layout_basic, chequers_big_river, grunt_ministairs_4, worms_lemuel,
          uniq_pikel

Skill      XL: |  1  2  3  4  5  6  7  8  9 |
---------------+----------------------------+-----
Armour         | 2 3 4 |  4.3
Maces & Flails | 3 4 5 6 7 |  7.7
Dodging        | 1 2 3 4 |  4.0
Fighting       | 4 5 6 |  6.6
Stealth        | 1 2 3 4 |  4.5
Throwing       | |  0.5
Evocations     | |  0.9

Action                   |  1- 3 |  4- 6 |  7- 9 || total
-------------------------+-------+-------+-------++-------
Melee: Whip              |    86 |   148 |   296 ||   530
       Mace              |    16 |       |       ||    16
       Headbutt          |     5 |    28 |    56 ||    89
       Punch             |       |     2 |     4 ||     6
Throw: Dart              |       |       |     9 ||     9
Evoke: Piece from Xom's  |     3 |     1 |     6 ||    10
       Wand              |       |       |     2 ||     2
  Use: Potion            |       |     2 |     5 ||     7
       Scroll            |       |     7 |     3 ||    10
 Stab: Confused          |       |     1 |       ||     1
       Sleeping          |       |       |     4 ||     4
       Petrified         |       |       |     9 ||     9
Armor: Leather armour    |    29 |    36 |   140 ||   205
       Ring mail         |    17 |       |       ||    17
Dodge: Dodged            |    53 |    69 |   118 ||   240

Table legend: (Time is in decaauts)
 A = Elapsed time spent in this place.
 B = Non-inter-level travel time spent in this place.
 C = Inter-level travel time spent in this place.
 D = Time resting spent in this place.
 E = Time spent auto-exploring this place.
 F = Levels seen in this place.
 G = Mean time per level.
                   A        B        C        D        E       F      G
               +--------+--------+--------+--------+--------+-----+--------+
         Total |   8102 |   7959 |    143 |      0 |   6735 |   7 | 1157.4 |
       Dungeon |   8102 |   7959 |    143 |      0 |   6735 |   7 | 1157.4 |
               +--------+--------+--------+--------+--------+-----+--------+

Top non-repeatable levels by time:
     D:6: 2383 daAuts
     D:4: 1747 daAuts
     D:2: 1256 daAuts
     D:1: 952 daAuts
     D:5: 901 daAuts
     D:3: 717 daAuts
     D:7: 143 daAuts
